 Dungeon Crawl Stone Soup version 0.17-a0-1442-g10bb59b (webtiles) character file.

172 mrath the Firebug (level 5, -2/29 HPs)
             Began as a Tengu Fire Elementalist on June 27, 2015.
             Was an Initiate of Vehumet.
             Killed from afar by an orc wizard (4 damage)
             ... with a magic dart
             ... on level 3 of the Dungeon.
             The game lasted 00:51:40 (3775 turns).

mrath the Firebug (Tengu Fire Elementalist)         Turns: 3775, Time: 00:51:41

Health: -2/29      AC:  3    Str: 13    XL:     5   Next: 53%
Magic:  4/10       EV: 13    Int: 25    God:    Vehumet [......]
Gold:   179        SH:  0    Dex: 15    Spells: 3 memorised, 3 levels left

rFire  + . .     SeeInvis .     m - +0 spear
rCold  + . .     Clarity  .     a - +1 robe
rNeg   . . .     SustAt   .     (no shield)
rPois  +         Gourm    .     (helmet restricted)
rElec  +         Spirit   .     (no cloak)
rCorr  +         Warding  .     (no gloves)
rMut   .         Stasis   .     (boots unavailable)
MR     .....                    (no amulet)
Stlth  ++........               l - ring of poison resistance
                                i - +4 ring of intelligence

@: mighty, brilliant, resistant, not resistant to hostile enchantments,
unstealthy
A: beak, talons 3, able to fly 1
a: Fly, Renounce Religion


You were on level 3 of the Dungeon.
You worshipped Vehumet.
Vehumet was noncommittal.
You were not hungry.

You visited 1 branch of the dungeon, and saw 3 of its levels.

You collected 179 gold pieces.

Inventory:

Hand weapons
 j - a +0 whip
 m - a +0 spear (weapon)
 o - a +0 hand axe
 t - a +0 quarterstaff
 C - a +1 whip of draining
 D - a +0 hand axe
Missiles
 d - 14 poisoned bolts
 e - 51 arrows
 h - 13 sling bullets
 p - 61 stones (quivered)
 y - 42 bolts
 B - 4 tomahawks
Armour
 a - a +1 robe (worn)
 q - a +0 leather armour
 s - a +0 robe
Jewellery
 i - a +4 ring of intelligence (left hand)
 l - a ring of poison resistance (right hand)
Scrolls
 k - 4 scrolls of identify
Potions
 r - a potion of experience {unknown}
 u - a potion of magic {unknown}
 w - a potion of heal wounds {unknown}
 x - a potion of brilliance
 z - a potion of agility {unknown}
 A - a potion of degeneration {unknown}
Books
 b - a book of Flames

   Spells                             Type                      Level
   a - Flame Tongue                   Conjuration/Fire             1
   b - Throw Flame                    Conjuration/Fire             2
   c - Conjure Flame                  Conjuration/Fire             3
   d - Inner Flame                    Hexes/Fire                   3
   e - Sticky Flame                   Conjuration/Fire             4
   f - Fireball                       Conjuration/Fire             5
Comestibles
 c - 2 bread rations
 v - 11 chunks of flesh


   Skills:
 + Level 1.1 Fighting
 + Level 0.7 Polearms
 + Level 0.9 Throwing
 + Level 3.2 Dodging
 + Level 2.6 Stealth
 + Level 2.9 Spellcasting
 + Level 2.4 Conjurations
 + Level 4.1 Fire Magic


You had 3 spell levels left.
You knew the following spells:

 Your Spells              Type           Power        Failure   Level  Hunger
a - Flame Tongue          Conj/Fire      #####        1%          1    None
b - Throw Flame           Conj/Fire      #####.       1%          2    ##.....
c - Conjure Flame         Conj/Fire      #####...     1%          3    ###....


Dungeon Overview and Level Annotations

Branches:
Dungeon (3/15)

Altars:
Vehumet


Innate Abilities, Weirdness & Mutations

You have a beak for a mouth.
You have claws for feet.
You can fly.


Message History

It was a potion of brilliance.
You feel clever all of a sudden.
You hear some strange, mumbled words.
A puff of frost appears from out of thin air!
The puff of frost hits you! Something hits you.
* * * LOW HITPOINT WARNING * * *
It was a potion of resistance.
You feel protected. Something hits you.
* * * LOW HITPOINT WARNING * * *
It was a potion of might.
You feel very mighty all of a sudden.
Something hits you but does no damage. x2
Some of the chunks of flesh in your inventory have rotted away.
Something hits you.
* * * LOW HITPOINT WARNING * * *
A magic dart appears from out of thin air!
The magic dart hits you!
You die...

....# ##.#######(###.#
#. ##### #..o.{....# #.#
##. ..# #.######### #.#
#.# #.# #+# #)# ##. #.#
####.##### ## #.# .
#........# #### #.# ...
#..#.###.# #... ..###
.....####....###.####.#.
....+
.....'.@.{..............
..###
.....####...#.##.####...
#.# ... #.<##.##.# #..#
#.# . #.###.##.# #...
#.# #........# ##.# ..#
#+# ##.......# #.# ###
#.# #.##.##.# #.# #.#
#....##.# #.# ##.##
#.#####.# #..


There were no monsters in sight!

Vanquished Creatures
  An orc wizard (D:3)
  An orc priest (D:3)
  5 adders
  An ooze (D:3)
  2 worms
  A giant gecko (D:2)
  6 orcs (D:3)
  2 ball pythons
  2 bats (D:3)
  4 giant cockroaches
  7 hobgoblins
  2 jackals (D:3)
  5 goblins
  7 kobolds
  7 rats
53 creatures vanquished.

Notes
Turn   | Place    | Note
--------------------------------------------------------------
     0 | D:1      | mrath the Tengu Fire Elementalist began the quest for the Orb.
     0 | D:1      | Reached XP level 1. HP: 10/10 MP: 4/4
   726 | D:1      | Reached XP level 2. HP: 12/15 MP: 4/6
   945 | D:1      | Learned a level 2 spell: Throw Flame
  1182 | D:2      | Found a radiant altar of Vehumet.
  1531 | D:2      | Reached XP level 3. HP: 19/19 MP: 2/7
  2119 | D:2      | Became a worshipper of Vehumet
  2290 | D:3      | Learned a level 3 spell: Conjure Flame
  2341 | D:3      | Reached XP level 4. HP: 24/24 MP: 3/9
  2620 | D:3      | Reached skill level 4 in Fire Magic
  3023 | D:3      | Found a faded altar to an unknown god.
  3633 | D:3      | Reached skill level 1 in Fighting
  3633 | D:3      | Gained mutation: You can fly. [Tengu growth]
  3633 | D:3      | Reached XP level 5. HP: 26/29 MP: 2/10
  3774 | D:3      | HP: 1/29 [something (5)]
  3775 | D:3      | Killed from afar by an orc wizard

Vault maps used:
D:1:      co_arrival_square_in_a_square_in_a_square, serial_bayou_pond_c,
          minivault_23
D:2:      overflow_temple_1_default
D:3:      ecumenical_altar_2, minmay_ruptured, uniq_iyjb

Action                   |  1- 3 |  4- 6 || total
-------------------------+-------+-------++-------
Melee: Whip              |     4 |       ||     4
       Spear             |    29 |    59 ||    88
Throw: Stone             |    16 |    23 ||    39
 Cast: Flame Tongue      |    15 |     3 ||    18
       Throw Flame       |    25 |    29 ||    54
  Use: Scroll            |     7 |       ||     7
       Potion            |     1 |     4 ||     5
  Eat: Chunk             |     2 |     4 ||     6
       Pizza             |     1 |       ||     1
       Bread ration      |     1 |       ||     1
